Map: Mech Depot LE

Players

Mackintac

  • Race: Zerg Zerg
  • League: Master
  • Spawn Location: 7:00

xKawaiian - Winner!

  • Race: Terran Terran
  • League: Master
  • Spawn Location: 1:00

VOD

Have the link to the VOD?

Description

Time

  • Played on: July 23, 2017, 9:19 p.m.
  • Length: 14:18
Show
View Real Time Build Order
Export as new Build Order

Mackintac Zerg 

Build Orders: Hatch First, Muta Ling Bane 

Get SALT Encoding   

  12  0:00  Drone  
  13  0:13  Overlord  
  13  0:16  Drone  
  14  0:31  Drone x2  
  16  0:38  Drone  
  17  0:48  Drone  
  18  0:55  Hatchery  
  17  0:59  Drone  
  18  1:11  Extractor  
  17  1:16  Spawning Pool  
  17  1:18  Drone  
  17  1:21  Drone  
  18  1:38  Drone  
  19  1:49  Overlord  
  19  2:04  Queen  
  19  2:05  Drone  
  19  2:06  Zergling x2  
  19  2:07  Queen  
  25  2:10  Zergling x2  
  25  2:11  Metabolic Boost  
  25  2:14  Drone  
  27  2:18  Drone  
  28  2:24  Drone  
  29  2:33  Drone  
  29  2:34  Overlord  
  30  2:39  Drone  
  30  2:43  Queen  
  33  2:49  Overlord  
  33  3:02  Hatchery  
  33  3:05  Drone  
  33  3:08  Drone  
  33  3:09  Drone  
  34  3:18  Pneumatized Carapace  
  34  3:21  Queen  
  34  3:23  Drone  
  37  3:27  Drone  
  37  3:28  Drone  
  37  3:33  Drone x2  
  41  3:39  Drone x3  
  44  3:55  Extractor  
  43  3:57  Evolution Chamber  
  43  3:59  Evolution Chamber  
  43  4:02  Drone x2  
  44  4:05  Evolution Chamber, Drone  
  44  4:06  Overlord  
  44  4:07  Overlord  
  44  4:14  Queen x2  
  48  4:19  Queen  
  50  4:28  Zergling x6  
  50  4:29  Zergling x8  
  57  4:36  Zerg Melee Weapons Level 1  
  57  4:47  Baneling Nest  
  57  4:48  Drone x2  
  57  4:49  Drone x2  
  57  4:50  Zergling x2  
  57  4:51  Zergling x4  
  63  5:02  Queen  
  63  5:04  Zergling x2  
  52  5:30  Drone x2  
  52  5:31  Drone x3  
  49  5:36  Zergling x14  
  54  5:46  Queen  
  54  5:48  Queen x2  
  58  5:53  Drone x2  
  52  6:05  Zergling x10  
  52  6:07  Spore Crawler  
  52  6:11  Zergling x4  
  55  6:14  Zergling x8  
  55  6:16  Drone x3  
  55  6:17  Drone  
  62  6:18  Zerg Ground Armor Level 1  
  62  6:20  Extractor  
  62  6:24  Queen  
  56  6:45  Zergling x2  
  56  6:46  Zergling x12  
  60  7:07  Queen, Lair  
  60  7:08  Queen  
  64  7:09  Drone x2  
  64  7:10  Overlord x2  
  66  7:18  Baneling  
  66  7:19  Baneling  
  66  7:21  Baneling  
  66  7:24  Baneling  
  66  7:25  Overlord  
  66  7:28  Overlord  
  66  7:29  Overlord  
  66  7:43  Queen  
  54  8:14  Queen  
  54  8:16  Centrifical Hooks, Zerg Melee Weapons Level 2, Zerg Ground Armor Level 2  
  54  8:18  Spire  
  53  8:35  Drone x3  
  53  8:36  Drone x2  
  53  8:40  Spore Crawler  
  54  8:44  Queen  
  54  8:46  Queen  
  54  8:48  Zergling x28  
  72  9:01  Extractor  
  72  9:02  Drone x2  
  73  9:03  Drone x6  
  78  9:27  Zergling x8  
  78  9:28  Zergling x10  
  87  9:33  Baneling x5  
  87  9:36  Zergling x10  
  84  9:54  Mutalisk x6  
  84  9:57  Overlord x2  
  96  10:00  Baneling x4  
  96  10:10  Zerg Flyer Weapons Level 1  
  96  10:13  Drone  
  97  10:27  Mutalisk  
  97  10:28  Mutalisk x3  
  101  10:30  Zergling x16  
  101  10:32  Baneling x3  
  101  10:33  Baneling  
  101  10:34  Baneling x2  
  101  10:35  Baneling  
  113  10:44  Baneling  
  113  10:45  Baneling x3  
  113  10:46  Zergling x2  
  113  10:48  Overlord x2  
  100  11:06  Mutalisk  
  100  11:07  Mutalisk  
  94  11:15  Zergling x28  
  107  11:24  Baneling x6  
  107  11:30  Hatchery, Zergling x2  
  107  11:31  Zergling x6  
  107  11:32  Baneling x3  
  110  11:33  Baneling  
  110  11:36  Extractor  
  110  11:37  Extractor  
  108  11:46  Overlord x2  
  106  11:51  Baneling  
  106  11:52  Baneling x10  
  104  12:06  Drone x2  
  104  12:07  Drone x5  
  111  12:08  Zergling x6  
  111  12:14  Zerg Flyer Armor Level 1  
  86  12:37  Zergling x14  
  86  12:38  Zergling x10  
  97  12:56  Zergling x8  
  97  12:57  Baneling  
  97  12:58  Hatchery, Baneling x4  
  101  13:04  Mutalisk x2  
  100  13:32  Mutalisk x4  
  100  13:33  Mutalisk x2  
  109  13:46  Zergling x4  
  109  13:47  Zergling x12  
  109  13:50  Baneling x5  
Show
View Real Time Build Order
Export as new Build Order

xKawaiian Terran - Winner!

Build Orders: Liberator Opening, MMM Bio 

Get SALT Encoding   

  12  0:01  SCV  
  13  0:13  SCV  
  14  0:17  Supply Depot  
  14  0:25  SCV  
  15  0:38  SCV  
  15  0:40  Barracks  
  16  0:45  Refinery  
  16  0:50  SCV  
  17  1:03  SCV  
  18  1:15  SCV  
  19  1:28  Orbital Command  
  19  1:29  Barracks Reactor  
  19  1:40  Command Center  
  19  1:52  Supply Depot  
  19  1:54  SCV  
  20  2:04  Marine x2  
  22  2:08  Factory  
  22  2:10  SCV  
  23  2:22  Marine x2, SCV  
  26  2:34  SCV  
  27  2:41  Marine x2  
  29  2:46  SCV  
  29  2:50  Refinery  
  30  2:55  Orbital Command  
  30  2:56  Starport  
  30  3:03  Hellion  
  30  3:04  Hellion  
  34  3:06  SCV  
  34  3:09  Marine  
  36  3:20  SCV  
  36  3:22  SCV  
  36  3:25  Hellion x2  
  42  3:29  Marine  
  42  3:33  Medivac  
  45  3:34  Supply Depot  
  45  3:35  SCV  
  46  3:50  Supply Depot  
  46  3:55  Marine, Liberator  
  46  3:56  Hellion x2, SCV  
  46  3:57  Supply Depot  
  46  4:00  SCV  
  53  4:05  Armory  
  53  4:11  SCV  
  53  4:14  Marine  
  58  4:19  SCV  
  58  4:20  Supply Depot  
  58  4:21  Supply Depot  
  59  4:35  SCV x2  
  59  4:38  Hellion x2, Liberator  
  65  4:40  Barracks Tech Lab  
  65  4:47  SCV x2  
  67  4:55  Supply Depot  
  67  4:59  Hellion x2, SCV  
  75  5:03  Marine, SCV  
  77  5:12  SCV  
  78  5:16  Command Center  
  74  5:25  Marine  
  74  5:26  Hellion x2  
  71  5:32  Liberator  
  58  5:43  Marine  
  58  5:48  Hellion x2  
  58  5:49  SCV  
  67  5:52  Engineering Bay  
  65  6:01  Marine  
  64  6:09  Hellion x2  
  62  6:14  Liberator  
  62  6:15  SCV x2, Engineering Bay, Refinery x2  
  63  6:23  Stimpack  
  63  6:27  SCV, Barracks  
  63  6:29  Barracks  
  63  6:31  Hellion x2  
  70  6:37  Marine  
  67  6:42  SCV  
  67  6:43  SCV  
  65  6:47  Orbital Command, Terran Infantry Armor Level 1, Terran Infantry Weapons Level 1  
  62  6:54  SCV  
  62  6:55  SCV  
  63  7:07  Terran Vehicle Weapons Level 1, SCV x2  
  69  7:12  Barracks  
  69  7:13  Barracks  
  69  7:16  Barracks Reactor  
  69  7:17  Barracks Reactor  
  69  7:19  SCV x2  
  67  7:29  Marine  
  68  7:30  Factory Tech Lab  
  68  7:31  SCV  
  68  7:32  Orbital Command  
  68  7:33  Medivac  
  68  7:34  Supply Depot, Medivac  
  68  7:36  Supply Depot, Bunker  
  73  7:41  SCV  
  74  7:47  Marine  
  74  7:52  Marine x2  
  75  7:58  Marine x2  
  75  8:00  Siege Tank  
  75  8:02  SCV x2  
  75  8:03  Medivac  
  75  8:04  Medivac, SCV, Marine  
  75  8:05  Barracks Reactor x2  
  88  8:14  Refinery, SCV x2  
  88  8:15  Refinery  
  88  8:16  SCV  
  88  8:17  Marine x4  
  92  8:22  Marine  
  83  8:29  SCV  
  83  8:31  SCV x2  
  83  8:32  Siege Tank  
  89  8:35  Marine x4  
  89  8:40  Marine  
  92  8:41  SCV  
  92  8:42  Marine x2, Terran Infantry Weapons Level 2  
  92  8:45  SCV  
  96  8:49  Supply Depot  
  96  8:50  Supply Depot  
  96  8:52  Supply Depot, SCV  
  96  8:53  Marine x2  
  99  8:56  Supply Depot x2  
  99  9:04  Terran Infantry Armor Level 2, Siege Tank  
  99  9:05  Marine x6  
  99  9:08  SCV x2  
  99  9:09  Supply Depot x2, SCV  
  111  9:10  Missile Turret  
  111  9:17  Marine x3  
  111  9:20  SCV x2  
  111  9:23  Marine x6  
  122  9:29  SCV  
  123  9:32  Medivac  
  123  9:35  Marine x3  
  128  9:41  Marine x3  
  130  9:47  Marine  
  116  9:53  Marauder  
  116  9:57  Marine x4  
  116  9:59  Command Center, Marine  
  123  10:01  SCV  
  123  10:02  Marine  
  125  10:12  Siege Tank  
  128  10:15  Marine x2  
  128  10:16  Marine  
  128  10:17  Factory  
  128  10:18  Factory, Combat Shields  
  128  10:21  Marine  
  132  10:22  Marine  
  132  10:23  Marine  
  132  10:25  SCV  
  136  10:30  Terran Vehicle Weapons Level 2  
  136  10:32  Marine  
  136  10:33  Marine  
  138  10:37  Supply Depot  
  138  10:38  Supply Depot, Marine  
  138  10:39  Marine  
  138  10:41  Marine x2  
  141  10:48  Marine  
  141  10:49  Medivac, Siege Tank  
  118  11:04  Marine  
  118  11:05  Marine x4  
  118  11:06  Marine x2  
  118  11:08  Marine  
  118  11:09  Medivac  
  118  11:10  Factory Tech Lab  
  120  11:11  Factory Tech Lab  
  111  11:21  Siege Tank  
  111  11:22  Marine, Missile Turret  
  111  11:23  Marine x3, Missile Turret  
  117  11:28  Marine x5  
  122  11:37  Missile Turret  
  122  11:38  Missile Turret  
  122  11:39  Barracks  
  122  11:40  Marine  
  122  11:41  Marine x2  
  122  11:43  Barracks  
  122  11:44  Marine  
  122  11:45  Medivac  
  122  11:46  Marine x2  
  126  12:00  Medivac  
  128  12:01  Marine x3  
  130  12:12  Marine x5  
  130  12:15  Medivac  
  134  12:29  Marine x5  
  113  12:30  Marine  
  113  12:36  Medivac, Siege Tank x2  
  120  12:39  Marine x5  
  120  12:43  Planetary Fortress  
  117  12:44  Medivac  
  117  12:50  Barracks Tech Lab, Barracks Reactor  
  119  12:52  Marine x2  
  121  13:01  Marine  
  121  13:02  Marauder  
  121  13:03  SCV  
  121  13:05  Marine x3  
  127  13:06  Marine  
  129  13:13  Marine  
  129  13:15  Marine  
  129  13:16  Medivac x2, Siege Tank  
  129  13:17  Marine  
  138  13:22  Marine  
  138  13:24  Thor  
  138  13:25  Marine  
  146  13:33  Marine  
  147  13:34  Marine x8  
  147  13:39  Marine  
  147  13:40  Marine  
  157  13:43  Marine  
  157  13:46  Medivac x2  
  162  13:51  Marine  
  162  13:52  Marine, Marauder  
  166  13:58  Marine x7  
Tags
 
Add a new tag
Caveats
  • Supply blocks, unpowered buildings, or Contaminate may cause inaccurate times.
  • Supply counts are checked every 10 seconds.